 Dungeon Crawl Stone Soup version 0.28-a0-21-gf74fda84f9 (webtiles) character file.

Game seed: 724712662095979221

8 ezpacito the Skirmisher (level 2, 24/24 HPs)
             Began as a Demonspawn Abyssal Knight on July 26, 2021.
             Was a Follower of Lugonu.
             Quit the game on level 1 of the Dungeon.
             The game lasted 00:00:52 (616 turns).

ezpacito the Skirmisher (Demonspawn Abyssal Knight)  Turns: 616, Time: 00:00:53

Health: 24/24      AC:  3    Str: 12    XL:     2   Next: 0%
Magic:  3/3        EV: 11    Int: 13    God:    Lugonu [*.....]
Gold:   17         SH:  4    Dex: 12    Spells: 1/1 levels left

rFire   . . .      SeeInvis .   a - +1 hand axe
rCold   . . .      Faith    .   (no shield)
rNeg    . . .      Spirit   .   b - +0 leather armour
rPois   .          Reflect  .   (no helmet)
rElec   .          Harm     .   (no cloak)
rCorr   .          Rampage  .   (no gloves)
Will    .....                   (no boots)
Stlth   +.........              (no amulet)
HPRegen 0.08/turn               (no ring)
MPRegen 0.08/turn               (no ring)

@: no status effects
A: condensation shield
a: Renounce Religion, Depart the Abyss


You were on level 1 of the Dungeon.
You worshipped Lugonu.
Lugonu was aware of your devotion.
You visited 1 branch of the dungeon, and saw 1 of its levels.
You visited the Abyss 1 time.

You collected 17 gold pieces.

Inventory:

Hand Weapons
 a - a +1 hand axe (weapon)
Missiles
 c - 72 stones (quivered)
Armour
 b - a +0 leather armour (worn)
Potions
 d - a potion of cancellation


   Skills:
 + Level 3.0 Fighting
 * Level 2.0 Axes
 + Level 0.1 Throwing
 + Level 1.8 Armour
 + Level 1.0 Dodging
 + Level 0.2 Spellcasting
 + Level 2.5 Invocations


You had one spell level left.
You didn't know any spells.
Your spell library was empty.

Dungeon Overview and Level Annotations

Branches:
Dungeon (1/15)

Altars:


Innate Abilities, Weirdness & Mutations

A meltable shield of frost defends you. (SH +4)


Message History

The kobold throws a stone.
The stone closely misses you.
The kobold hits you with a +0 short sword.
You slash the kobold!
You kill the kobold!
Lugonu accepts your kill.
Your Axes skill increases to level 2!
No target in view!
No target in view!
No target in view!
No target in view!
No target in view!
No target in view!
No target in view!
No target in view!
No target in view!
No target in view!
No target in view!
No target in view!
No target in view!
No target in view!
c - 47 stones (gained 3)
You see here a +0 short sword.
c - 72 stones (gained 25)
A ball python comes into view.
The ball python hisses angrily.
A ball python is nearby!
A ball python comes into view.
The ball python hisses angrily.
You hit the ball python.
The ball python is heavily wounded.
The ball python misses you. The ball python grabs you.
The ball python constricts you.
You hit the ball python.
You kill the ball python!
Lugonu accepts your kill.
You have reached level 2!
Your demonic ancestry asserts itself...
Frost condenses into a shield before you.
A ball python is nearby!
Are you sure you want to abandon this character and quit the game? (Confirm with "yes".)

..#.....#....#
##.#.#.#.##..# ##
#.⌠.###.⌠.##.#
##.####.#.#.#.####.
#..#.#.#.#.#.#.#.#.
#.#.♣.###.⌠.###.♣.#
#..#.#.#.#.#.#.#.#.
...####.####.###.#.####.
#....S@.##.⌠.###)⌠.# .#
...####.#.##.#.###.##...
#.##..#.... #..### #.#
.... .#. .## #.# #### #
. # ... ... #..


You could see a ball python.

Vanquished Creatures
  A goblin (D:1)
  A kobold (D:1)
  2 ball pythons (D:1)
  3 frilled lizards (D:1)
  2 rats (D:1)
9 creatures vanquished.

Notes
Turn   | Place    | Note
-------+----------+-------------------------------------------
     0 | Abyss:1  | ezpacito the Demonspawn Abyssal Knight began the quest for
                  | the Orb.
     0 | Abyss:1  | Reached XP level 1. HP: 18/18 MP: 2/2
    56 | Abyss:2  | Noticed a smoke demon
    72 | Abyss:2  | Noticed a black draconian
    73 | D:1      | Escaped the Abyss
   385 | D:1      | Reached * piety under Lugonu
   386 | D:1      | Reached skill level 1 in Dodging
   615 | D:1      | Gained mutation: A meltable shield of frost defends you.
                  | (SH +4) [demonic ancestry]
   615 | D:1      | Reached XP level 2. HP: 24/24 MP: 3/3
   616 | D:1      | Quit the game

Illustrated notes

Levels and vault maps discovered:
D:1:      dpeg_arrival_pond, layout_loops_cross, grunt_decor_mini_mirrors,
          corexii_corridor_pit

Skill      XL: |  1 |
---------------+----+-----
Dodging        | 1 |  1.0
Axes           | 2 |  2.0
Fighting       | |  3.0
Throwing       | |  0.1
Armour         | |  1.8
Spellcasting   | |  0.2
Invocations    | |  2.5

Action                   || total
-------------------------++-------
Melee: Hand axe          ||    21
Invok: Depart the Abyss  ||     1
  Use: Potion            ||     1
Armor: Leather armour    ||     3
Dodge: Dodged            ||    13

Table legend: (Time is in decaauts)
 A = Elapsed time spent in this place.
 B = Non-inter-level travel time spent in this place.
 C = Inter-level travel time spent in this place.
 D = Time resting spent in this place.
 E = Time spent auto-exploring this place.
 F = Levels seen in this place.
 G = Mean time per level.
                   A        B        C        D        E       F      G
               +--------+--------+--------+--------+--------+-----+--------+
         Total |    620 |    620 |      0 |    255 |    266 |   3 |  206.7 |
       Dungeon |    547 |    547 |      0 |    255 |    221 |   1 |  547.0 |
         Abyss |     72 |     72 |      0 |      0 |     45 |   2 |   36.0 |
               +--------+--------+--------+--------+--------+-----+--------+

Top non-repeatable levels by time:
     D:1: 547 daAuts
 Abyss:2: 57 daAuts
 Abyss:1: 15 daAuts
